[ AOE2 MATCH · #477342194 ]
UnrankedHindustanis vs Mapuche
[ REPLAY ANALYSIS · EXTRACTED FROM THE RECORDED GAME ]
Feudal
12:02
Castle
15:39
Imperial
—
| APM avg | 22.3 |
| APM peak | 69 |
| eAPM avg | 12.2 |
| Villagers / military | 100 / 26 |
Focus
⚔️ 18.8% · 🌾 81.2%
Monk ×15 · Fishing Ship ×6 · Mangonel ×5 · Spearman ×5 · Demolition Raft ×1
Feudal
11:53
Castle
16:00
Imperial
28:52
| APM avg | 36.4 |
| APM peak | 69 |
| eAPM avg | 25.6 |
| Villagers / military | 199 / 262 |
Focus
⚔️ 39.4% · 🌾 60.6%
Spearman ×150 · Fire Lancer ×100 · Unknown (1920) ×51 · Fishing Ship ×14 · Trade Cart ×10 · Unknown (1923) ×8
Feudal
11:51
Castle
15:31
Imperial
35:57
| APM avg | 42.5 |
| APM peak | 96 |
| eAPM avg | 33.2 |
| Villagers / military | 123 / 61 |
Focus
⚔️ 39.5% · 🌾 60.5%
Unknown (2550) ×100 · Unknown (882) ×82 · Bolas Rider ×56 · Trade Cart ×37 · Fishing Ship ×6 · Monk ×4
Feudal
10:57
Castle
21:30
Imperial
26:46
| APM avg | 35.5 |
| APM peak | 73 |
| eAPM avg | 23.6 |
| Villagers / military | 131 / 58 |
Focus
⚔️ 19.0% · 🌾 81.0%
Hand Cannoneer ×32 · Fishing Ship ×23 · Bombard Cannon ×12 · Archer ×10 · Organ Gun ×3 · Monk ×1
Feudal
11:51
Castle
15:21
Imperial
27:31
| APM avg | 36.8 |
| APM peak | 64 |
| eAPM avg | 25.3 |
| Villagers / military | 136 / 282 |
Focus
⚔️ 32.0% · 🌾 68.0%
Knight ×227 · Trade Cart ×56 · Mangonel ×44 · Fishing Ship ×19 · Trebuchet (Packed) ×8 · Bombard Cannon ×3
Feudal
10:42
Castle
22:34
Imperial
34:19
| APM avg | 38.1 |
| APM peak | 94 |
| eAPM avg | 27.0 |
| Villagers / military | 180 / 341 |
Focus
⚔️ 37.4% · 🌾 62.6%
Skirmisher ×120 · Rattan Archer ×104 · Battle Elephant ×87 · Scout Cavalry ×18 · Archer ×7 · Spearman ×2
Feudal
11:42
Castle
15:40
Imperial
30:53
| APM avg | 50.6 |
| APM peak | 87 |
| eAPM avg | 29.1 |
| Villagers / military | 182 / 210 |
Focus
⚔️ 27.1% · 🌾 72.9%
Conquistador ×191 · Bombard Cannon ×13 · Missionary ×3 · Battering Ram ×2 · Mangonel ×1
Feudal
13:54
Castle
17:24
Imperial
21:49
| APM avg | 34.5 |
| APM peak | 73 |
| eAPM avg | 17.6 |
| Villagers / military | 94 / 62 |
Focus
⚔️ 41.8% · 🌾 58.2%
Trade Cart ×50 · Bombard Cannon ×36 · Hand Cannoneer ×20 · Fishing Ship ×12 · Mangonel ×4 · Spearman ×2
Match map
Initial resources + every placement click. Lines = walls · curves = elevation contours. ◆ gold · ⬟ stone · ● berries · ✦ relic · ◌ wall gap
Your base· ✓ Closed at 15:39 · 15t walls · no gate
Mr Diniz's base· ✓ Closed at 16:00 · 6t walls · no gate
Moshaaa's base· ✓ Closed at 15:31 · 23t walls · no gate
Dark Horse's base· ✓ Closed at 21:30 · 30t walls · 1 gate(s)
M4lt3's base· ✓ Closed at 15:21 · 0t walls · no gate
105er.G0ldenFir3's base· ✓ Closed at 22:34 · 37t walls · no gate
封念云's base· Open — opponent sealed themselves in
105er.Buttermilch's base· ✓ Closed at 17:24 · 0t walls · no gate
Smoothed initial terrain · ◌ = detected wall gap · hover for details
Inputs per minute
— 姆狗 - - Mr Diniz
Build order — 姆狗
First 150 of 224 actions detected
| 0:01 | Create | Villager (Male) |
| 0:01 | Create | Villager (Male) |
| 0:02 | Build | House |
| 0:03 | Build | House |
| 0:17 | Create | Villager (Male) |
| 0:17 | Create | Villager (Male) |
| 0:28 | Build | Palisade Wall |
| 1:10 | Build | Palisade Wall |
| 1:18 | Build | Palisade Wall |
| 1:32 | Build | Palisade Wall |
| 1:35 | Create | Villager (Male) |
| 1:35 | Create | Villager (Male) |
| 1:59 | Build | Lumber Camp |
| 2:02 | Create | Villager (Male) |
| 2:03 | Create | Villager (Male) |
| 2:33 | Create | Villager (Male) |
| 2:33 | Create | Villager (Male) |
| 3:01 | Create | Villager (Male) |
| 3:02 | Create | Villager (Male) |
| 3:23 | Create | Villager (Male) |
| 3:23 | Create | Villager (Male) |
| 3:38 | Build | House |
| 3:52 | Create | Villager (Male) |
| 3:52 | Create | Villager (Male) |
| 4:17 | Create | Villager (Male) |
| 4:17 | Create | Villager (Male) |
| 4:45 | Create | Villager (Male) |
| 4:46 | Create | Villager (Male) |
| 4:56 | Build | House |
| 5:04 | Create | Villager (Male) |
| 5:04 | Create | Villager (Male) |
| 5:26 | Create | Villager (Male) |
| 5:26 | Create | Villager (Male) |
| 5:26 | Create | Villager (Male) |
| 5:36 | Build | Dock |
| 6:09 | Create | Villager (Male) |
| 6:15 | Create | Fishing Ship |
| 6:32 | Create | Villager (Male) |
| 6:43 | Create | Villager (Male) |
| 6:54 | Create | Fishing Ship |
| 7:03 | Build | House |
| 7:33 | Create | Fishing Ship |
| 7:46 | Create | Villager (Male) |
| 7:47 | Create | Villager (Male) |
| 7:55 | Build | Mill |
| 8:16 | Build | Mill |
| 8:22 | Create | Villager (Male) |
| 8:40 | Build | House |
| 8:46 | Create | Villager (Male) |
| 9:08 | Create | Villager (Male) |
| 9:09 | Create | Villager (Male) |
| 9:16 | Create | Fishing Ship |
| 9:32 | Build | Mining Camp |
| 9:52 | Research | Feudal Age |
| 9:52 | Research | Feudal Age |
| 9:58 | Create | Fishing Ship |
| 10:00 | Create | Fishing Ship |
| 11:40 | Build | Farm |
| 12:02 | Age | Feudal Age |
| 12:04 | Create | Villager (Male) |
| 12:05 | Create | Villager (Male) |
| 12:08 | Build | Market |
| 12:11 | Build | Blacksmith |
| 12:58 | Build | Farm |
| 12:59 | Research | Castle Age |
| 13:01 | Build | Farm |
| 13:03 | Build | Farm |
| 13:13 | Build | Farm |
| 13:44 | Build | Farm |
| 13:46 | Build | Farm |
| 14:07 | Research | Double-Bit Axe |
| 14:14 | Build | House |
| 14:47 | Build | House |
| 15:20 | Create | Villager (Male) |
| 15:20 | Create | Villager (Male) |
| 15:20 | Create | Villager (Male) |
| 15:39 | Age | Castle Age |
| 15:44 | Build | Siege Workshop |
| 15:51 | Build | Monastery |
| 15:59 | Create | Villager (Male) |
| 16:13 | Build | House |
| 16:14 | Build | House |
| 16:27 | Create | Villager (Male) |
| 16:27 | Create | Villager (Male) |
| 16:30 | Create | Mangonel |
| 16:41 | Create | Monk |
| 16:47 | Create | Monk |
| 16:52 | Create | Mangonel |
| 17:40 | Create | Villager (Male) |
| 17:49 | Build | Monastery |
| 17:50 | Build | House |
| 17:52 | Build | House |
| 18:22 | Create | Villager (Male) |
| 18:26 | Research | Redemption |
| 18:26 | Research | Redemption |
| 19:09 | Create | Monk |
| 19:48 | Research | Sanctity |
| 19:55 | Create | Monk |
| 19:57 | Create | Villager (Male) |
| 19:57 | Create | Villager (Male) |
| 19:58 | Create | Villager (Male) |
| 20:02 | Build | Town Center |
| 20:06 | Build | Palisade Wall |
| 20:27 | Create | Mangonel |
| 20:47 | Create | Monk |
| 20:56 | Build | Fish Trap |
| 20:57 | Build | Fish Trap |
| 20:59 | Create | Demolition Raft |
| 21:00 | Build | Fish Trap |
| 21:04 | Build | Fish Trap |
| 21:12 | Build | House |
| 21:19 | Create | Villager (Male) |
| 21:20 | Create | Villager (Male) |
| 21:20 | Create | Villager (Male) |
| 21:28 | Create | Monk |
| 21:29 | Create | Monk |
| 21:33 | Build | House |
| 21:47 | Create | Villager (Male) |
| 21:48 | Create | Villager (Male) |
| 21:48 | Create | Villager (Male) |
| 21:50 | Create | Villager (Male) |
| 22:25 | Build | Barracks |
| 22:45 | Create | Villager (Male) |
| 22:45 | Create | Villager (Male) |
| 22:47 | Create | Villager (Male) |
| 22:47 | Create | Villager (Male) |
| 22:47 | Create | Villager (Male) |
| 23:11 | Create | Mangonel |
| 23:18 | Create | Spearman |
| 23:18 | Create | Spearman |
| 23:18 | Create | Spearman |
| 23:29 | Create | Villager (Male) |
| 23:29 | Create | Villager (Male) |
| 23:30 | Create | Villager (Male) |
| 23:30 | Create | Villager (Male) |
| 23:32 | Build | House |
| 23:32 | Build | House |
| 23:33 | Build | House |
| 23:33 | Build | House |
| 23:43 | Create | Spearman |
| 23:49 | Build | House |
| 23:55 | Create | Mangonel |
| 24:01 | Create | Monk |
| 24:01 | Create | Monk |
| 24:19 | Build | House |
| 24:34 | Create | Spearman |
| 25:39 | Create | Monk |
| 25:40 | Create | Monk |
| 25:58 | Build | Gate |
| 26:03 | Build | Stone Wall |
Build order — Mr Diniz
First 150 of 581 actions detected
| 0:01 | Create | Villager (Male) |
| 0:01 | Create | Villager (Male) |
| 0:02 | Create | Villager (Male) |
| 0:02 | Create | Villager (Male) |
| 0:03 | Build | House |
| 0:05 | Build | House |
| 1:26 | Create | Villager (Male) |
| 1:26 | Create | Villager (Male) |
| 1:53 | Create | Villager (Male) |
| 1:53 | Create | Villager (Male) |
| 2:11 | Build | Lumber Camp |
| 2:27 | Create | Villager (Male) |
| 2:49 | Create | Villager (Male) |
| 2:49 | Create | Villager (Male) |
| 3:05 | Create | Villager (Male) |
| 3:06 | Create | Villager (Male) |
| 3:23 | Create | Villager (Male) |
| 3:23 | Create | Villager (Male) |
| 3:47 | Create | Villager (Male) |
| 3:47 | Create | Villager (Male) |
| 3:56 | Build | House |
| 4:09 | Create | Villager (Male) |
| 4:09 | Create | Villager (Male) |
| 5:04 | Create | Villager (Male) |
| 5:08 | Create | Villager (Male) |
| 5:20 | Build | Dock |
| 5:20 | Create | Villager (Male) |
| 5:43 | Build | House |
| 6:14 | Build | Mill |
| 6:17 | Create | Villager (Male) |
| 6:37 | Create | Villager (Male) |
| 6:39 | Build | House |
| 7:09 | Create | Villager (Male) |
| 7:11 | Build | Mill |
| 7:37 | Create | Villager (Male) |
| 7:42 | Create | Fishing Ship |
| 7:43 | Create | Fishing Ship |
| 8:04 | Create | Villager (Male) |
| 8:05 | Create | Villager (Male) |
| 8:13 | Create | Fishing Ship |
| 8:14 | Create | Fishing Ship |
| 8:44 | Create | Fishing Ship |
| 8:45 | Create | Villager (Male) |
| 8:52 | Build | House |
| 9:31 | Build | Mining Camp |
| 9:43 | Research | Feudal Age |
| 10:10 | Create | Fishing Ship |
| 10:23 | Build | Pasture |
| 10:45 | Build | Pasture |
| 11:47 | Create | Villager (Male) |
| 11:53 | Age | Feudal Age |
| 11:55 | Build | Blacksmith |
| 12:11 | Create | Villager (Male) |
| 12:13 | Create | Villager (Male) |
| 12:17 | Build | Market |
| 12:42 | Build | House |
| 12:45 | Build | House |
| 12:49 | Build | House |
| 13:12 | Build | House |
| 13:13 | Build | Palisade Wall |
| 13:16 | Build | Palisade Wall |
| 13:20 | Research | Castle Age |
| 13:26 | Research | Double-Bit Axe |
| 13:50 | Research | Tech 1014 |
| 14:10 | Research | Tech 906 |
| 14:22 | Build | Fish Trap |
| 14:24 | Create | Fishing Ship |
| 14:24 | Create | Fishing Ship |
| 15:25 | Create | Villager (Male) |
| 15:46 | Create | Villager (Male) |
| 16:00 | Age | Castle Age |
| 16:06 | Create | Villager (Male) |
| 16:08 | Build | Town Center |
| 16:16 | Build | Town Center |
| 16:20 | Research | Bow Saw |
| 16:21 | Create | Villager (Male) |
| 16:37 | Build | Pasture |
| 17:01 | Create | Villager (Male) |
| 17:02 | Create | Villager (Male) |
| 17:02 | Create | Villager (Male) |
| 17:14 | Build | Fish Trap |
| 17:17 | Create | Villager (Male) |
| 17:20 | Create | Villager (Male) |
| 17:20 | Create | Villager (Male) |
| 17:31 | Build | Fish Trap |
| 17:35 | Create | Villager (Male) |
| 17:35 | Create | Villager (Male) |
| 17:36 | Create | Villager (Male) |
| 17:40 | Build | Fish Trap |
| 17:52 | Create | Villager (Male) |
| 17:52 | Create | Villager (Male) |
| 17:54 | Build | Fish Trap |
| 17:57 | Create | Villager (Male) |
| 17:57 | Create | Villager (Male) |
| 18:10 | Create | Villager (Male) |
| 18:10 | Create | Villager (Male) |
| 18:14 | Create | Fishing Ship |
| 18:14 | Create | Fishing Ship |
| 18:14 | Create | Fishing Ship |
| 18:24 | Create | Villager (Male) |
| 18:24 | Create | Villager (Male) |
| 18:28 | Build | Pasture |
| 18:43 | Create | Villager (Male) |
| 18:43 | Create | Villager (Male) |
| 18:53 | Create | Villager (Male) |
| 19:00 | Build | Fish Trap |
| 19:08 | Build | Town Center |
| 19:13 | Build | Town Center |
| 19:13 | Create | Villager (Male) |
| 19:14 | Create | Villager (Male) |
| 19:19 | Create | Fishing Ship |
| 19:19 | Create | Villager (Male) |
| 19:20 | Create | Villager (Male) |
| 19:25 | Build | Pasture |
| 19:41 | Build | Fish Trap |
| 19:46 | Create | Villager (Male) |
| 19:46 | Create | Villager (Male) |
| 19:46 | Create | Villager (Male) |
| 20:06 | Build | Pasture |
| 20:08 | Research | Tech 1013 |
| 20:12 | Create | Villager (Male) |
| 20:12 | Create | Villager (Male) |
| 20:18 | Build | Pasture |
| 20:21 | Create | Villager (Male) |
| 20:36 | Build | Fish Trap |
| 20:37 | Create | Villager (Male) |
| 20:37 | Create | Villager (Male) |
| 20:43 | Build | Pasture |
| 20:46 | Create | Villager (Male) |
| 20:47 | Create | Villager (Male) |
| 20:53 | Create | Villager (Male) |
| 20:53 | Create | Villager (Male) |
| 20:57 | Research | Tech 906 |
| 20:58 | Create | Fishing Ship |
| 20:58 | Create | Fishing Ship |
| 21:02 | Build | Pasture |
| 21:07 | Create | Villager (Male) |
| 21:13 | Build | House |
| 21:14 | Build | House |
| 21:18 | Research | Loom |
| 21:24 | Build | Pasture |
| 21:26 | Build | Pasture |
| 21:30 | Create | Villager (Male) |
| 21:30 | Create | Villager (Male) |
| 21:30 | Create | Villager (Male) |
| 21:31 | Create | Villager (Male) |
| 21:38 | Build | Pasture |
| 21:49 | Create | Villager (Male) |
| 21:49 | Create | Villager (Male) |
| 21:50 | Create | Villager (Male) |
Build order — Moshaaa
First 150 of 660 actions detected
| 0:00 | Create | Villager (Male) |
| 0:01 | Create | Villager (Male) |
| 0:01 | Create | Villager (Male) |
| 0:02 | Build | House |
| 0:03 | Build | House |
| 0:17 | Create | Villager (Male) |
| 0:49 | Create | Villager (Male) |
| 0:49 | Create | Villager (Male) |
| 0:55 | Build | Palisade Wall |
| 0:56 | Build | Palisade Wall |
| 0:57 | Build | Palisade Wall |
| 1:36 | Create | Villager (Male) |
| 1:48 | Build | Palisade Wall |
| 1:49 | Build | Palisade Wall |
| 2:08 | Create | Villager (Male) |
| 2:14 | Build | Palisade Wall |
| 2:15 | Build | Palisade Wall |
| 2:15 | Build | Palisade Wall |
| 2:16 | Build | Palisade Wall |
| 2:17 | Build | Palisade Wall |
| 2:21 | Build | Palisade Wall |
| 2:22 | Build | Palisade Wall |
| 2:26 | Create | Villager (Male) |
| 2:55 | Create | Villager (Male) |
| 2:55 | Create | Villager (Male) |
| 3:22 | Create | Villager (Male) |
| 3:22 | Create | Villager (Male) |
| 3:32 | Build | Settlement |
| 3:51 | Create | Villager (Male) |
| 3:51 | Create | Villager (Male) |
| 4:16 | Create | Villager (Male) |
| 4:38 | Create | Villager (Male) |
| 4:58 | Create | Villager (Male) |
| 4:58 | Create | Villager (Male) |
| 5:30 | Create | Villager (Male) |
| 5:47 | Create | Villager (Male) |
| 5:59 | Build | House |
| 6:00 | Create | Villager (Male) |
| 6:01 | Create | Villager (Male) |
| 6:56 | Build | Palisade Wall |
| 6:58 | Create | Villager (Male) |
| 7:12 | Build | Dock |
| 7:21 | Create | Villager (Male) |
| 7:29 | Build | Palisade Wall |
| 7:30 | Build | Palisade Wall |
| 7:31 | Build | Palisade Wall |
| 7:32 | Build | Palisade Wall |
| 7:33 | Build | Palisade Wall |
| 7:34 | Build | Palisade Wall |
| 7:34 | Build | Palisade Wall |
| 7:36 | Create | Villager (Male) |
| 7:53 | Create | Fishing Ship |
| 8:07 | Build | House |
| 8:13 | Create | Villager (Male) |
| 8:31 | Build | House |
| 8:38 | Create | Villager (Male) |
| 8:39 | Create | Fishing Ship |
| 8:53 | Create | Villager (Male) |
| 9:14 | Build | House |
| 9:25 | Create | Fishing Ship |
| 9:35 | Research | Feudal Age |
| 9:35 | Research | Feudal Age |
| 9:51 | Build | Settlement |
| 10:22 | Build | Settlement |
| 10:40 | Create | Fishing Ship |
| 10:40 | Create | Fishing Ship |
| 11:21 | Create | Villager (Male) |
| 11:21 | Create | Villager (Male) |
| 11:51 | Age | Feudal Age |
| 11:52 | Build | Blacksmith |
| 11:56 | Build | Market |
| 12:11 | Build | Farm |
| 12:14 | Build | Farm |
| 12:51 | Research | Castle Age |
| 13:34 | Create | Villager (Male) |
| 13:41 | Build | Farm |
| 13:43 | Research | Double-Bit Axe |
| 13:43 | Research | Double-Bit Axe |
| 13:50 | Research | Horse Collar |
| 13:51 | Research | Horse Collar |
| 13:56 | Build | Farm |
| 14:00 | Create | Fishing Ship |
| 14:18 | Build | Farm |
| 14:38 | Build | Fish Trap |
| 14:41 | Create | Villager (Male) |
| 15:05 | Build | Fish Trap |
| 15:18 | Build | House |
| 15:31 | Age | Castle Age |
| 15:33 | Create | Villager (Male) |
| 15:43 | Build | Town Center |
| 15:54 | Create | Villager (Male) |
| 16:08 | Build | Stone Wall |
| 16:10 | Create | Villager (Male) |
| 16:18 | Create | Villager (Male) |
| 16:25 | Research | Bow Saw |
| 16:25 | Research | Bow Saw |
| 16:49 | Build | Farm |
| 16:55 | Build | Farm |
| 17:06 | Build | Farm |
| 17:06 | Create | Villager (Male) |
| 17:48 | Build | Stone Wall |
| 17:56 | Research | Loom |
| 17:56 | Research | Loom |
| 18:08 | Create | Villager (Male) |
| 18:09 | Create | Villager (Male) |
| 18:24 | Build | Gate |
| 18:30 | Build | Stone Wall |
| 18:36 | Create | Villager (Male) |
| 18:42 | Build | Fish Trap |
| 18:42 | Create | Villager (Male) |
| 18:48 | Create | Villager (Male) |
| 18:52 | Build | Fish Trap |
| 18:53 | Create | Villager (Male) |
| 19:01 | Build | Fish Trap |
| 19:06 | Create | Villager (Male) |
| 19:14 | Build | Town Center |
| 19:14 | Create | Villager (Male) |
| 19:21 | Build | Barracks |
| 19:34 | Build | Monastery |
| 19:40 | Create | Villager (Male) |
| 19:44 | Create | Villager (Male) |
| 19:47 | Research | Scale Mail Armor |
| 19:56 | Build | House |
| 20:07 | Build | Farm |
| 20:09 | Build | Farm |
| 20:16 | Build | Farm |
| 20:17 | Create | Villager (Male) |
| 20:21 | Research | Tech 1402 |
| 20:21 | Research | Tech 1402 |
| 20:25 | Create | Villager (Male) |
| 20:30 | Build | Farm |
| 20:32 | Build | Farm |
| 20:33 | Create | Villager (Male) |
| 20:37 | Build | Farm |
| 20:38 | Create | Villager (Male) |
| 20:41 | Create | Villager (Male) |
| 20:41 | Create | Villager (Male) |
| 20:45 | Build | Farm |
| 20:56 | Build | Barracks |
| 21:01 | Create | Villager (Male) |
| 21:04 | Build | House |
| 21:05 | Build | House |
| 21:06 | Create | Villager (Male) |
| 21:21 | Build | Settlement |
| 21:21 | Create | Villager (Male) |
| 21:33 | Create | Villager (Male) |
| 21:34 | Create | Villager (Male) |
| 21:34 | Create | Villager (Male) |
| 21:36 | Build | Farm |
| 21:38 | Build | Farm |
Build order — Dark Horse
First 150 of 408 actions detected
| 0:00 | Create | Villager (Male) |
| 0:01 | Create | Villager (Male) |
| 0:02 | Build | House |
| 0:03 | Build | House |
| 0:10 | Create | Villager (Male) |
| 0:10 | Create | Villager (Male) |
| 0:11 | Create | Villager (Male) |
| 1:23 | Build | Lumber Camp |
| 1:37 | Create | Villager (Male) |
| 1:37 | Create | Villager (Male) |
| 2:01 | Create | Villager (Male) |
| 2:01 | Create | Villager (Male) |
| 2:09 | Research | Loom |
| 2:19 | Build | Palisade Wall |
| 2:19 | Build | Palisade Wall |
| 2:20 | Build | Palisade Wall |
| 2:21 | Build | Palisade Wall |
| 2:22 | Build | Palisade Wall |
| 2:27 | Create | Villager (Male) |
| 2:27 | Create | Villager (Male) |
| 3:05 | Create | Villager (Male) |
| 3:06 | Create | Villager (Male) |
| 3:24 | Create | Villager (Male) |
| 3:24 | Create | Villager (Male) |
| 3:41 | Create | Villager (Male) |
| 3:41 | Create | Villager (Male) |
| 3:47 | Build | House |
| 4:13 | Build | Palisade Wall |
| 4:14 | Build | Palisade Wall |
| 4:15 | Build | Palisade Wall |
| 4:17 | Build | Palisade Wall |
| 4:18 | Build | Palisade Wall |
| 4:19 | Create | Villager (Male) |
| 4:20 | Create | Villager (Male) |
| 4:47 | Build | Dock |
| 4:51 | Create | Villager (Male) |
| 4:51 | Create | Villager (Male) |
| 5:09 | Create | Villager (Male) |
| 5:09 | Create | Villager (Male) |
| 5:25 | Build | House |
| 5:31 | Create | Villager (Male) |
| 5:31 | Create | Villager (Male) |
| 5:40 | Create | Fishing Ship |
| 5:41 | Create | Fishing Ship |
| 6:03 | Create | Villager (Male) |
| 6:03 | Create | Villager (Male) |
| 6:03 | Create | Villager (Male) |
| 6:24 | Create | Fishing Ship |
| 6:47 | Create | Villager (Male) |
| 6:52 | Create | Fishing Ship |
| 7:08 | Build | House |
| 7:19 | Create | Villager (Male) |
| 7:40 | Create | Fishing Ship |
| 7:54 | Create | Villager (Male) |
| 8:18 | Create | Villager (Male) |
| 8:20 | Create | Fishing Ship |
| 8:36 | Build | House |
| 8:47 | Research | Feudal Age |
| 8:47 | Research | Feudal Age |
| 8:53 | Build | Lumber Camp |
| 9:02 | Build | House |
| 9:47 | Create | Villager (Male) |
| 9:59 | Build | Dock |
| 10:54 | Create | Villager (Male) |
| 10:57 | Age | Feudal Age |
| 11:00 | Build | Fish Trap |
| 11:03 | Build | Fish Trap |
| 11:08 | Research | Double-Bit Axe |
| 11:14 | Build | Stone Wall |
| 11:15 | Create | Villager (Male) |
| 11:19 | Build | Fish Trap |
| 11:23 | Build | Fish Trap |
| 11:27 | Build | Fish Trap |
| 11:37 | Create | Fishing Ship |
| 11:39 | Create | Fishing Ship |
| 11:39 | Create | Fishing Ship |
| 11:51 | Create | Villager (Male) |
| 12:04 | Build | Stone Wall |
| 12:12 | Create | Fishing Ship |
| 12:12 | Create | Fishing Ship |
| 12:21 | Build | Fish Trap |
| 12:30 | Build | Fish Trap |
| 12:44 | Create | Villager (Male) |
| 13:00 | Build | House |
| 13:05 | Build | Fish Trap |
| 13:05 | Build | Fish Trap |
| 13:13 | Create | Villager (Male) |
| 13:15 | Build | House |
| 13:16 | Build | House |
| 13:19 | Create | Fishing Ship |
| 13:19 | Create | Fishing Ship |
| 13:25 | Build | House |
| 13:33 | Build | House |
| 13:53 | Build | Gate |
| 13:55 | Create | Villager (Male) |
| 13:59 | Create | Fishing Ship |
| 13:59 | Create | Fishing Ship |
| 14:05 | Build | Fish Trap |
| 14:10 | Build | Fish Trap |
| 14:12 | Create | Fishing Ship |
| 14:16 | Build | Fish Trap |
| 14:17 | Create | Villager (Male) |
| 14:17 | Create | Villager (Male) |
| 14:26 | Build | Mill |
| 14:27 | Create | Villager (Male) |
| 14:39 | Create | Fishing Ship |
| 14:44 | Build | Fish Trap |
| 14:52 | Build | Fish Trap |
| 14:54 | Create | Villager (Male) |
| 15:07 | Create | Fishing Ship |
| 15:08 | Create | Fishing Ship |
| 15:11 | Create | Villager (Male) |
| 15:19 | Build | Mining Camp |
| 15:31 | Build | Fish Trap |
| 15:40 | Build | Fish Trap |
| 15:42 | Create | Villager (Male) |
| 15:47 | Create | Fishing Ship |
| 15:52 | Create | Fishing Ship |
| 16:04 | Build | Blacksmith |
| 16:06 | Create | Villager (Male) |
| 16:20 | Build | Fish Trap |
| 16:24 | Build | Fish Trap |
| 16:27 | Create | Villager (Male) |
| 16:35 | Create | Fishing Ship |
| 16:35 | Create | Fishing Ship |
| 16:37 | Create | Villager (Male) |
| 16:46 | Build | Fish Trap |
| 16:57 | Build | Fish Trap |
| 17:13 | Build | Market |
| 17:31 | Build | Fish Trap |
| 17:52 | Create | Villager (Male) |
| 17:58 | Build | House |
| 17:59 | Build | House |
| 18:13 | Build | Lumber Camp |
| 18:17 | Create | Villager (Male) |
| 18:50 | Research | Castle Age |
| 18:58 | Create | Villager (Male) |
| 18:59 | Create | Villager (Male) |
| 19:03 | Research | Tech 906 |
| 19:07 | Build | Lumber Camp |
| 19:10 | Build | Lumber Camp |
| 19:32 | Research | Gold Mining |
| 19:35 | Build | Mining Camp |
| 19:49 | Build | House |
| 19:51 | Build | House |
| 19:59 | Build | Lumber Camp |
| 20:14 | Build | Lumber Camp |
| 21:30 | Age | Castle Age |
| 21:32 | Build | Monastery |
| 21:35 | Build | Town Center |
Build order — M4lt3
First 150 of 529 actions detected
| 0:01 | Create | Villager (Male) |
| 0:01 | Create | Villager (Male) |
| 0:01 | Create | Villager (Male) |
| 0:02 | Create | Villager (Male) |
| 0:02 | Create | Villager (Male) |
| 0:02 | Create | Villager (Male) |
| 0:03 | Build | House |
| 0:04 | Build | House |
| 1:24 | Create | Villager (Male) |
| 1:51 | Build | Lumber Camp |
| 2:01 | Create | Villager (Male) |
| 2:01 | Create | Villager (Male) |
| 2:01 | Create | Villager (Male) |
| 2:03 | Create | Villager (Male) |
| 2:03 | Create | Villager (Male) |
| 2:53 | Create | Villager (Male) |
| 2:53 | Create | Villager (Male) |
| 3:01 | Create | Villager (Male) |
| 3:42 | Create | Villager (Male) |
| 3:42 | Create | Villager (Male) |
| 3:59 | Build | House |
| 4:09 | Create | Villager (Male) |
| 4:09 | Create | Villager (Male) |
| 4:20 | Build | House |
| 4:33 | Create | Villager (Male) |
| 4:33 | Create | Villager (Male) |
| 4:48 | Build | Dock |
| 5:28 | Create | Villager (Male) |
| 5:28 | Create | Villager (Male) |
| 5:28 | Create | Villager (Male) |
| 5:28 | Create | Villager (Male) |
| 5:41 | Create | Villager (Male) |
| 5:42 | Create | Villager (Male) |
| 5:50 | Create | Fishing Ship |
| 5:55 | Build | House |
| 6:25 | Create | Fishing Ship |
| 7:11 | Create | Villager (Male) |
| 7:11 | Create | Villager (Male) |
| 7:28 | Create | Villager (Male) |
| 7:35 | Create | Fishing Ship |
| 7:52 | Create | Villager (Male) |
| 7:58 | Create | Fishing Ship |
| 8:08 | Build | Mill |
| 8:23 | Build | House |
| 8:37 | Create | Villager (Male) |
| 9:07 | Research | Feudal Age |
| 9:11 | Create | Villager (Male) |
| 9:11 | Research | Feudal Age |
| 9:12 | Create | Fishing Ship |
| 9:22 | Build | House |
| 9:25 | Build | House |
| 9:44 | Create | Villager (Male) |
| 9:45 | Create | Villager (Male) |
| 9:54 | Create | Villager (Male) |
| 10:20 | Build | Mining Camp |
| 11:51 | Age | Feudal Age |
| 11:53 | Build | Market |
| 11:54 | Build | Blacksmith |
| 12:20 | Build | Fish Trap |
| 12:34 | Build | Fish Trap |
| 12:37 | Research | Castle Age |
| 12:37 | Research | Castle Age |
| 12:47 | Research | Double-Bit Axe |
| 12:47 | Research | Double-Bit Axe |
| 12:55 | Build | House |
| 12:56 | Build | House |
| 13:06 | Build | Fish Trap |
| 13:22 | Build | Fish Trap |
| 13:49 | Build | Dock |
| 14:01 | Research | Tech 906 |
| 14:02 | Research | Tech 906 |
| 14:24 | Build | Fish Trap |
| 14:53 | Create | Villager (Male) |
| 14:55 | Create | Fishing Ship |
| 14:56 | Create | Fishing Ship |
| 15:21 | Age | Castle Age |
| 15:24 | Build | Town Center |
| 15:30 | Research | Bow Saw |
| 15:30 | Research | Bow Saw |
| 15:31 | Create | Villager (Male) |
| 15:48 | Build | Fish Trap |
| 15:56 | Create | Villager (Male) |
| 16:01 | Build | Fish Trap |
| 16:04 | Create | Fishing Ship |
| 16:05 | Create | Fishing Ship |
| 16:05 | Create | Fishing Ship |
| 16:22 | Create | Villager (Male) |
| 16:26 | Create | Fishing Ship |
| 16:46 | Create | Villager (Male) |
| 16:54 | Build | Town Center |
| 17:00 | Create | Fishing Ship |
| 17:00 | Create | Fishing Ship |
| 17:00 | Create | Fishing Ship |
| 17:10 | Build | Fish Trap |
| 17:18 | Create | Villager (Male) |
| 17:18 | Create | Villager (Male) |
| 17:19 | Create | Villager (Male) |
| 17:19 | Create | Villager (Male) |
| 17:20 | Create | Villager (Male) |
| 17:20 | Create | Villager (Male) |
| 17:29 | Build | Fish Trap |
| 17:38 | Build | Lumber Camp |
| 17:40 | Create | Villager (Male) |
| 18:02 | Build | Fish Trap |
| 18:04 | Create | Villager (Male) |
| 18:20 | Create | Villager (Male) |
| 18:20 | Create | Villager (Male) |
| 18:20 | Create | Villager (Male) |
| 18:21 | Build | Fish Trap |
| 18:25 | Create | Villager (Male) |
| 18:25 | Create | Villager (Male) |
| 18:44 | Create | Villager (Male) |
| 18:45 | Create | Villager (Male) |
| 18:50 | Create | Villager (Male) |
| 18:54 | Build | Town Center |
| 19:02 | Research | Horse Collar |
| 19:03 | Research | Horse Collar |
| 19:03 | Create | Villager (Male) |
| 19:08 | Create | Fishing Ship |
| 19:08 | Create | Fishing Ship |
| 19:18 | Create | Villager (Male) |
| 19:19 | Create | Villager (Male) |
| 19:19 | Create | Villager (Male) |
| 19:35 | Build | Gate |
| 19:44 | Build | Stone Wall |
| 19:46 | Build | Stone Wall |
| 19:48 | Create | Villager (Male) |
| 19:48 | Create | Villager (Male) |
| 19:48 | Create | Villager (Male) |
| 19:50 | Create | Fishing Ship |
| 19:50 | Create | Fishing Ship |
| 19:51 | Create | Fishing Ship |
| 19:54 | Build | Fish Trap |
| 20:04 | Create | Villager (Male) |
| 20:04 | Create | Villager (Male) |
| 20:04 | Create | Villager (Male) |
| 20:06 | Build | Farm |
| 20:06 | Build | Farm |
| 20:07 | Build | Farm |
| 20:07 | Build | Farm |
| 20:07 | Build | Farm |
| 20:07 | Build | Farm |
| 20:07 | Build | Farm |
| 20:08 | Build | Farm |
| 20:24 | Create | Villager (Male) |
| 20:24 | Create | Villager (Male) |
| 20:30 | Create | Villager (Male) |
| 20:30 | Create | Villager (Male) |
| 20:33 | Build | Farm |
| 20:33 | Build | Farm |
Build order — 105er.G0ldenFir3
First 150 of 623 actions detected
| 0:00 | Create | Villager (Male) |
| 0:01 | Create | Villager (Male) |
| 0:02 | Build | House |
| 0:03 | Build | House |
| 0:05 | Create | Villager (Male) |
| 0:05 | Create | Villager (Male) |
| 0:05 | Create | Villager (Male) |
| 0:22 | Research | Loom |
| 0:22 | Create | Villager (Male) |
| 0:22 | Create | Villager (Male) |
| 0:23 | Create | Villager (Male) |
| 1:23 | Build | Palisade Wall |
| 1:44 | Build | Palisade Wall |
| 1:49 | Create | Villager (Male) |
| 2:19 | Build | Palisade Wall |
| 2:26 | Build | Palisade Wall |
| 2:27 | Build | Palisade Wall |
| 2:36 | Create | Villager (Male) |
| 2:49 | Build | Palisade Wall |
| 3:01 | Create | Villager (Male) |
| 3:20 | Build | House |
| 3:23 | Create | Villager (Male) |
| 3:23 | Create | Villager (Male) |
| 3:30 | Build | Palisade Wall |
| 3:47 | Create | Villager (Male) |
| 3:56 | Build | Lumber Camp |
| 4:18 | Create | Villager (Male) |
| 4:19 | Create | Villager (Male) |
| 4:47 | Create | Villager (Male) |
| 4:47 | Create | Villager (Male) |
| 5:07 | Create | Villager (Male) |
| 5:29 | Create | Villager (Male) |
| 5:48 | Build | Mill |
| 5:58 | Create | Villager (Male) |
| 6:22 | Create | Villager (Male) |
| 6:23 | Create | Villager (Male) |
| 6:23 | Create | Villager (Male) |
| 6:23 | Create | Villager (Male) |
| 6:45 | Build | House |
| 6:54 | Create | Villager (Male) |
| 7:40 | Create | Villager (Male) |
| 8:03 | Create | Villager (Male) |
| 8:30 | Research | Feudal Age |
| 9:17 | Build | Barracks |
| 10:12 | Build | House |
| 10:21 | Create | Villager (Male) |
| 10:42 | Age | Feudal Age |
| 10:45 | Build | Archery Range |
| 10:49 | Research | Double-Bit Axe |
| 11:04 | Create | Villager (Male) |
| 11:27 | Create | Villager (Male) |
| 11:28 | Build | Blacksmith |
| 11:29 | Create | Archer |
| 11:46 | Research | Horse Collar |
| 11:51 | Build | Mining Camp |
| 11:56 | Create | Villager (Male) |
| 12:00 | Create | Skirmisher |
| 12:06 | Create | Spearman |
| 12:26 | Create | Skirmisher |
| 12:29 | Create | Spearman |
| 12:37 | Build | House |
| 12:37 | Build | House |
| 12:40 | Research | Wheelbarrow |
| 13:05 | Create | Villager (Male) |
| 13:19 | Create | Skirmisher |
| 13:21 | Create | Archer |
| 13:22 | Research | Fletching |
| 13:22 | Research | Fletching |
| 13:48 | Create | Villager (Male) |
| 13:48 | Create | Villager (Male) |
| 13:49 | Create | Villager (Male) |
| 13:49 | Create | Villager (Male) |
| 13:50 | Create | Archer |
| 13:50 | Create | Archer |
| 14:05 | Create | Villager (Male) |
| 14:15 | Create | Archer |
| 14:22 | Build | House |
| 14:50 | Create | Villager (Male) |
| 14:59 | Build | Dock |
| 15:16 | Create | Archer |
| 15:28 | Research | Gold Mining |
| 15:30 | Build | Farm |
| 16:06 | Create | Villager (Male) |
| 16:11 | Create | Archer |
| 16:14 | Build | House |
| 16:16 | Build | House |
| 16:17 | Build | House |
| 16:25 | Build | House |
| 16:36 | Build | Farm |
| 16:40 | Build | Lumber Camp |
| 16:59 | Create | Villager (Male) |
| 17:21 | Create | Villager (Male) |
| 17:27 | Build | Stone Wall |
| 17:32 | Create | Villager (Male) |
| 17:37 | Build | Farm |
| 17:38 | Build | Farm |
| 17:39 | Build | Farm |
| 17:41 | Build | Farm |
| 17:43 | Build | Farm |
| 17:43 | Build | Farm |
| 18:02 | Build | Farm |
| 18:25 | Build | Lumber Camp |
| 18:33 | Build | Stone Wall |
| 18:37 | Build | Stone Wall |
| 18:43 | Create | Villager (Male) |
| 18:48 | Build | Farm |
| 18:50 | Build | Farm |
| 19:03 | Build | Stone Wall |
| 19:03 | Build | Stone Wall |
| 19:11 | Create | Villager (Male) |
| 19:31 | Build | Lumber Camp |
| 19:54 | Research | Castle Age |
| 20:48 | Create | Villager (Male) |
| 21:00 | Build | Stone Wall |
| 21:44 | Build | Market |
| 21:54 | Build | Farm |
| 22:34 | Age | Castle Age |
| 22:38 | Build | Town Center |
| 22:48 | Build | Town Center |
| 22:54 | Build | Town Center |
| 22:55 | Research | Bow Saw |
| 22:56 | Research | Heavy Plow |
| 22:58 | Create | Villager (Male) |
| 23:11 | Build | Town Center |
| 23:19 | Build | University |
| 23:23 | Create | Villager (Male) |
| 23:23 | Create | Villager (Male) |
| 23:47 | Create | Villager (Male) |
| 24:03 | Research | Fortified Wall (upgrade) |
| 24:04 | Create | Villager (Male) |
| 24:04 | Create | Villager (Male) |
| 24:05 | Create | Villager (Male) |
| 24:16 | Create | Villager (Male) |
| 24:18 | Build | Farm |
| 24:19 | Build | Farm |
| 24:20 | Build | Farm |
| 24:22 | Build | Farm |
| 24:28 | Build | Farm |
| 24:29 | Build | Farm |
| 24:30 | Build | Farm |
| 24:32 | Build | Farm |
| 24:33 | Build | Farm |
| 24:35 | Create | Villager (Male) |
| 24:36 | Create | Villager (Male) |
| 24:47 | Build | Farm |
| 24:48 | Build | Farm |
| 24:49 | Build | Farm |
| 24:52 | Build | Farm |
| 24:55 | Build | Farm |
| 25:00 | Build | Farm |
Build order — 封念云
First 150 of 565 actions detected
| 0:01 | Create | Villager (Male) |
| 0:02 | Create | Villager (Male) |
| 0:03 | Build | House |
| 0:04 | Build | House |
| 0:07 | Create | Villager (Male) |
| 0:07 | Create | Villager (Male) |
| 0:08 | Create | Villager (Male) |
| 0:08 | Create | Villager (Male) |
| 1:08 | Research | Loom |
| 1:08 | Research | Loom |
| 1:08 | Research | Loom |
| 1:09 | Create | Villager (Male) |
| 1:09 | Create | Villager (Male) |
| 1:31 | Create | Villager (Male) |
| 1:31 | Create | Villager (Male) |
| 2:04 | Create | Villager (Male) |
| 2:06 | Build | Lumber Camp |
| 2:31 | Create | Villager (Male) |
| 2:31 | Create | Villager (Male) |
| 3:10 | Create | Villager (Male) |
| 3:11 | Create | Villager (Male) |
| 3:21 | Create | Villager (Male) |
| 3:27 | Build | House |
| 3:52 | Create | Villager (Male) |
| 3:52 | Create | Villager (Male) |
| 4:09 | Build | House |
| 4:16 | Create | Villager (Male) |
| 4:16 | Create | Villager (Male) |
| 4:26 | Build | Palisade Wall |
| 4:27 | Build | Palisade Wall |
| 4:49 | Build | Palisade Wall |
| 4:52 | Create | Villager (Male) |
| 4:52 | Create | Villager (Male) |
| 4:53 | Create | Villager (Male) |
| 5:20 | Create | Villager (Male) |
| 5:20 | Create | Villager (Male) |
| 5:27 | Build | Outpost |
| 5:41 | Create | Villager (Male) |
| 5:41 | Create | Villager (Male) |
| 6:02 | Build | Mill |
| 6:11 | Create | Villager (Male) |
| 6:11 | Create | Villager (Male) |
| 6:18 | Create | Villager (Male) |
| 6:18 | Create | Villager (Male) |
| 6:18 | Create | Villager (Male) |
| 6:32 | Create | Villager (Male) |
| 6:33 | Create | Villager (Male) |
| 6:33 | Create | Villager (Male) |
| 6:35 | Create | Villager (Male) |
| 6:36 | Create | Villager (Male) |
| 7:06 | Create | Villager (Male) |
| 7:09 | Build | Farm |
| 7:17 | Build | Farm |
| 7:21 | Build | Farm |
| 7:32 | Create | Villager (Male) |
| 7:32 | Create | Villager (Male) |
| 7:34 | Create | Villager (Male) |
| 7:34 | Create | Villager (Male) |
| 7:53 | Create | Villager (Male) |
| 8:00 | Build | House |
| 8:06 | Create | Villager (Male) |
| 8:19 | Create | Villager (Male) |
| 9:19 | Research | Feudal Age |
| 9:52 | Build | Mining Camp |
| 10:03 | Build | Mining Camp |
| 10:30 | Create | Villager (Male) |
| 10:30 | Create | Villager (Male) |
| 11:42 | Age | Feudal Age |
| 11:47 | Build | Blacksmith |
| 11:57 | Build | Market |
| 12:04 | Create | Villager (Male) |
| 12:32 | Build | Stone Wall |
| 12:33 | Build | Stone Wall |
| 12:35 | Create | Villager (Male) |
| 12:44 | Build | Stone Wall |
| 12:56 | Research | Castle Age |
| 12:56 | Research | Castle Age |
| 13:44 | Research | Horse Collar |
| 13:48 | Build | Farm |
| 13:51 | Build | Farm |
| 14:09 | Build | Farm |
| 14:28 | Build | Farm |
| 14:39 | Build | Farm |
| 14:44 | Build | House |
| 14:49 | Create | Villager (Male) |
| 15:01 | Create | Villager (Male) |
| 15:40 | Age | Castle Age |
| 15:44 | Build | Castle |
| 15:54 | Build | Palisade Wall |
| 16:02 | Build | House |
| 16:07 | Create | Villager (Male) |
| 16:16 | Create | Villager (Male) |
| 16:46 | Create | Conquistador |
| 17:03 | Build | Farm |
| 17:08 | Create | Villager (Male) |
| 17:08 | Create | Villager (Male) |
| 17:12 | Build | Farm |
| 17:50 | Build | Farm |
| 17:51 | Build | Farm |
| 17:55 | Create | Conquistador |
| 18:13 | Create | Villager (Male) |
| 18:13 | Create | Villager (Male) |
| 18:35 | Create | Villager (Male) |
| 18:40 | Build | Town Center |
| 18:56 | Create | Villager (Male) |
| 19:08 | Create | Villager (Male) |
| 19:08 | Create | Villager (Male) |
| 19:17 | Build | Monastery |
| 19:20 | Build | Farm |
| 19:44 | Research | Double-Bit Axe |
| 19:45 | Research | Double-Bit Axe |
| 19:45 | Research | Double-Bit Axe |
| 19:58 | Create | Missionary |
| 20:04 | Create | Villager (Male) |
| 20:05 | Create | Villager (Male) |
| 20:13 | Build | Farm |
| 20:13 | Create | Villager (Male) |
| 20:18 | Build | Farm |
| 20:23 | Build | Farm |
| 20:36 | Build | Farm |
| 20:36 | Create | Villager (Male) |
| 20:44 | Create | Villager (Male) |
| 20:44 | Create | Villager (Male) |
| 21:05 | Create | Villager (Male) |
| 21:06 | Create | Villager (Male) |
| 21:12 | Create | Villager (Male) |
| 21:12 | Create | Villager (Male) |
| 21:21 | Create | Villager (Male) |
| 21:21 | Create | Villager (Male) |
| 21:30 | Research | Bow Saw |
| 21:31 | Create | Villager (Male) |
| 21:34 | Create | Villager (Male) |
| 21:34 | Create | Villager (Male) |
| 21:44 | Create | Villager (Male) |
| 21:44 | Create | Villager (Male) |
| 21:55 | Create | Villager (Male) |
| 21:56 | Create | Villager (Male) |
| 22:06 | Build | Town Center |
| 22:10 | Create | Villager (Male) |
| 22:24 | Create | Villager (Male) |
| 22:24 | Create | Villager (Male) |
| 22:27 | Build | Mill |
| 22:28 | Build | Farm |
| 22:29 | Build | Farm |
| 22:29 | Build | Farm |
| 22:29 | Build | Farm |
| 22:29 | Build | Farm |
| 22:30 | Build | Farm |
| 22:30 | Build | Farm |
| 22:30 | Build | Farm |
Build order — 105er.Buttermilch
First 150 of 343 actions detected
| 0:01 | Create | Villager (Male) |
| 0:02 | Build | House |
| 0:03 | Build | House |
| 0:04 | Create | Villager (Male) |
| 0:04 | Create | Villager (Male) |
| 0:17 | Create | Villager (Male) |
| 1:22 | Create | Villager (Male) |
| 1:56 | Create | Villager (Male) |
| 2:21 | Build | Lumber Camp |
| 2:23 | Create | Villager (Male) |
| 2:33 | Create | Villager (Male) |
| 3:04 | Create | Villager (Male) |
| 3:17 | Create | Villager (Male) |
| 3:44 | Create | Villager (Male) |
| 3:50 | Build | House |
| 3:51 | Build | House |
| 3:55 | Create | Villager (Male) |
| 4:13 | Create | Villager (Male) |
| 4:45 | Create | Villager (Male) |
| 5:50 | Create | Villager (Male) |
| 5:54 | Create | Villager (Male) |
| 6:35 | Build | Dock |
| 6:43 | Create | Villager (Male) |
| 6:54 | Create | Villager (Male) |
| 6:56 | Create | Villager (Male) |
| 7:01 | Create | Villager (Male) |
| 7:06 | Create | Villager (Male) |
| 7:31 | Build | Mill |
| 7:32 | Create | Villager (Male) |
| 7:49 | Create | Fishing Ship |
| 7:50 | Create | Fishing Ship |
| 7:50 | Create | Fishing Ship |
| 7:51 | Create | Fishing Ship |
| 7:58 | Build | House |
| 8:02 | Build | House |
| 8:03 | Build | House |
| 8:06 | Build | House |
| 8:08 | Create | Villager (Male) |
| 8:35 | Create | Villager (Male) |
| 9:13 | Create | Fishing Ship |
| 9:16 | Create | Villager (Male) |
| 9:21 | Create | Villager (Male) |
| 9:23 | Create | Villager (Male) |
| 9:45 | Build | Mining Camp |
| 9:50 | Create | Villager (Male) |
| 9:52 | Create | Fishing Ship |
| 10:51 | Research | Feudal Age |
| 11:58 | Build | House |
| 12:11 | Create | Villager (Male) |
| 12:11 | Create | Villager (Male) |
| 13:54 | Age | Feudal Age |
| 13:56 | Build | Market |
| 13:58 | Build | Blacksmith |
| 14:07 | Build | Lumber Camp |
| 14:17 | Research | Gold Mining |
| 14:17 | Research | Double-Bit Axe |
| 14:24 | Build | Fish Trap |
| 14:29 | Build | Fish Trap |
| 14:33 | Build | Fish Trap |
| 14:38 | Build | Fish Trap |
| 14:44 | Research | Castle Age |
| 15:23 | Build | House |
| 15:24 | Build | House |
| 15:25 | Build | House |
| 15:43 | Research | Loom |
| 15:44 | Create | Villager (Male) |
| 15:45 | Create | Villager (Male) |
| 15:54 | Research | Tech 906 |
| 16:41 | Build | Farm |
| 16:42 | Build | Farm |
| 16:44 | Build | Farm |
| 16:50 | Build | Fish Trap |
| 16:54 | Build | Fish Trap |
| 17:24 | Age | Castle Age |
| 17:27 | Build | Siege Workshop |
| 17:31 | Build | Monastery |
| 17:46 | Build | Siege Workshop |
| 18:05 | Create | Mangonel |
| 18:14 | Build | House |
| 18:23 | Research | Imperial Age |
| 18:31 | Build | Mining Camp |
| 19:03 | Create | Mangonel |
| 19:08 | Build | House |
| 19:26 | Create | Mangonel |
| 19:33 | Build | House |
| 19:44 | Build | University |
| 20:10 | Create | Mangonel |
| 20:30 | Create | Villager (Male) |
| 20:30 | Create | Villager (Male) |
| 20:56 | Create | Villager (Male) |
| 21:11 | Build | Siege Workshop |
| 21:13 | Build | House |
| 21:33 | Create | Villager (Male) |
| 21:47 | Build | Lumber Camp |
| 21:49 | Age | Imperial Age |
| 21:53 | Research | Chemistry |
| 22:04 | Create | Villager (Male) |
| 22:07 | Build | House |
| 22:08 | Build | House |
| 22:09 | Build | House |
| 22:11 | Build | House |
| 22:19 | Create | Villager (Male) |
| 22:49 | Research | Devotion |
| 23:17 | Build | House |
| 23:18 | Build | House |
| 23:19 | Build | House |
| 23:33 | Create | Bombard Cannon |
| 23:34 | Create | Bombard Cannon |
| 23:34 | Create | Bombard Cannon |
| 23:35 | Create | Bombard Cannon |
| 23:45 | Research | Wheelbarrow |
| 23:46 | Create | Villager (Male) |
| 23:48 | Build | Town Center |
| 23:52 | Create | Fishing Ship |
| 23:53 | Create | Fishing Ship |
| 23:56 | Create | Villager (Male) |
| 24:06 | Create | Bombard Cannon |
| 24:06 | Create | Bombard Cannon |
| 24:18 | Create | Villager (Male) |
| 24:22 | Build | Mining Camp |
| 25:26 | Create | Bombard Cannon |
| 25:27 | Create | Bombard Cannon |
| 25:43 | Create | Bombard Cannon |
| 25:43 | Create | Bombard Cannon |
| 25:44 | Create | Villager (Male) |
| 25:44 | Create | Villager (Male) |
| 25:45 | Create | Villager (Male) |
| 26:26 | Create | Bombard Cannon |
| 26:27 | Create | Bombard Cannon |
| 26:36 | Create | Villager (Male) |
| 26:39 | Build | Fish Trap |
| 26:41 | Build | Fish Trap |
| 26:44 | Create | Fishing Ship |
| 26:44 | Create | Fishing Ship |
| 26:45 | Create | Villager (Male) |
| 26:46 | Create | Villager (Male) |
| 26:46 | Create | Villager (Male) |
| 26:47 | Create | Villager (Male) |
| 27:17 | Create | Villager (Male) |
| 27:17 | Create | Villager (Male) |
| 27:35 | Create | Villager (Male) |
| 27:49 | Create | Villager (Male) |
| 27:49 | Create | Villager (Male) |
| 28:17 | Build | Town Center |
| 29:00 | Create | Villager (Male) |
| 29:01 | Create | Villager (Male) |
| 29:02 | Create | Bombard Cannon |
| 29:02 | Create | Bombard Cannon |
| 29:02 | Create | Bombard Cannon |
| 29:26 | Create | Villager (Male) |
Match timeline
| 0:28 | 姆狗 · wall_segment Palisade Wall x6 |
| 0:55 | Moshaaa · wall_segment Palisade Wall x1 |
| 0:56 | Moshaaa · wall_segment Palisade Wall x1 |
| 0:57 | Moshaaa · wall_segment Palisade Wall x8 |
| 1:10 | 姆狗 · wall_segment Palisade Wall x7 |
| 1:18 | 姆狗 · wall_segment Palisade Wall x1 |
| 1:23 | 105er.G0ldenFir3 · wall_segment Palisade Wall x4 |
| 1:32 | 姆狗 · wall_segment Palisade Wall x1 |
| 1:44 | 105er.G0ldenFir3 · wall_segment Palisade Wall x5 |
| 1:48 | Moshaaa · wall_segment Palisade Wall x1 |
| 1:49 | Moshaaa · wall_segment Palisade Wall x1 |
| 2:14 | Moshaaa · wall_segment Palisade Wall x1 |
| 2:15 | Moshaaa · wall_segment Palisade Wall x1 |
| 2:15 | Moshaaa · wall_segment Palisade Wall x1 |
| 2:16 | Moshaaa · wall_segment Palisade Wall x1 |
| 2:17 | Moshaaa · wall_segment Palisade Wall x1 |
| 2:19 | Dark Horse · wall_segment Palisade Wall x1 |
| 2:19 | Dark Horse · wall_segment Palisade Wall x1 |
| 2:19 | 105er.G0ldenFir3 · wall_segment Palisade Wall x1 |
| 2:20 | Dark Horse · wall_segment Palisade Wall x1 |
| 2:21 | Moshaaa · wall_segment Palisade Wall x1 |
| 2:21 | Dark Horse · wall_segment Palisade Wall x1 |
| 2:22 | Moshaaa · wall_segment Palisade Wall x1 |
| 2:22 | Dark Horse · wall_segment Palisade Wall x1 |
| 2:26 | 105er.G0ldenFir3 · wall_segment Palisade Wall x1 |
| 2:27 | 105er.G0ldenFir3 · wall_segment Palisade Wall x1 |
| 2:49 | 105er.G0ldenFir3 · wall_segment Palisade Wall x1 |
| 3:30 | 105er.G0ldenFir3 · wall_segment Palisade Wall x1 |
| 4:13 | Dark Horse · wall_segment Palisade Wall x1 |
| 4:14 | Dark Horse · wall_segment Palisade Wall x1 |
| 4:15 | Dark Horse · wall_segment Palisade Wall x1 |
| 4:17 | Dark Horse · wall_segment Palisade Wall x1 |
| 4:18 | Dark Horse · wall_segment Palisade Wall x3 |
| 4:26 | 封念云 · wall_segment Palisade Wall x1 |
| 4:27 | 封念云 · wall_segment Palisade Wall x1 |
| 4:47 | Dark Horse · first_building Dock |
| 4:48 | M4lt3 · first_building Dock |
| 4:49 | 封念云 · wall_segment Palisade Wall x2 |
| 5:20 | Mr Diniz · first_building Dock |
| 5:36 | 姆狗 · first_building Dock |
| 6:35 | 105er.Buttermilch · first_building Dock |
| 6:56 | Moshaaa · wall_segment Palisade Wall x1 |
| 7:12 | Moshaaa · first_building Dock |
| 7:29 | Moshaaa · wall_segment Palisade Wall x1 |
| 7:30 | Moshaaa · wall_segment Palisade Wall x1 |
| 7:31 | Moshaaa · wall_segment Palisade Wall x1 |
| 7:32 | Moshaaa · wall_segment Palisade Wall x1 |
| 7:33 | Moshaaa · wall_segment Palisade Wall x1 |
| 7:34 | Moshaaa · wall_segment Palisade Wall x1 |
| 7:34 | Moshaaa · wall_segment Palisade Wall x1 |
| 9:17 | 105er.G0ldenFir3 · first_building Barracks |
| 10:42 | 105er.G0ldenFir3 · age_up feudal |
| 10:45 | 105er.G0ldenFir3 · first_building Archery Range |
| 10:57 | Dark Horse · age_up feudal |
| 11:14 | Dark Horse · wall_segment Stone Wall x10 |
| 11:42 | 封念云 · age_up feudal |
| 11:51 | Moshaaa · age_up feudal |
| 11:51 | M4lt3 · age_up feudal |
| 11:53 | Mr Diniz · age_up feudal |
| 12:02 | 姆狗 · age_up feudal |
| 12:04 | Dark Horse · wall_segment Stone Wall x8 |
| 12:32 | 封念云 · wall_segment Stone Wall x2 |
| 12:33 | 封念云 · wall_segment Stone Wall x1 |
| 12:44 | 封念云 · wall_segment Stone Wall x7 |
| 12:47 | Moshaaa · first_market_buy 100 food |
| 12:50 | Moshaaa · first_market_sell 100 stone |
| 13:13 | Mr Diniz · wall_segment Palisade Wall x1 |
| 13:16 | Mr Diniz · wall_segment Palisade Wall x5 |
| 13:54 | 105er.Buttermilch · age_up feudal |
| 14:35 | M4lt3 · first_market_buy 100 wood |
| 14:59 | 105er.G0ldenFir3 · first_building Dock |
| 15:21 | M4lt3 · age_up castle |
| 15:29 | 封念云 · first_market_buy 100 stone |
| 15:31 | Moshaaa · age_up castle |
| 15:39 | 姆狗 · age_up castle |
| 15:40 | 封念云 · age_up castle |
| 15:44 | 姆狗 · first_building Siege Workshop |
| 15:44 | 封念云 · first_building Castle |
| 15:51 | 姆狗 · first_building Monastery |
| 15:54 | 封念云 · wall_segment Palisade Wall x1 |
| 16:00 | Mr Diniz · age_up castle |
| 16:08 | Moshaaa · wall_segment Stone Wall x10 |
| 17:24 | 105er.Buttermilch · age_up castle |
| 17:27 | 105er.Buttermilch · first_building Siege Workshop |
| 17:27 | 105er.G0ldenFir3 · wall_segment Stone Wall x10 |
| 17:31 | 105er.Buttermilch · first_building Monastery |
| 17:35 | 封念云 · first_market_sell 100 wood |
| 17:42 | 姆狗 · first_market_sell 100 food |
| 17:48 | Moshaaa · wall_segment Stone Wall x16 |
| 18:30 | Moshaaa · wall_segment Stone Wall x3 |
| 18:33 | 105er.G0ldenFir3 · wall_segment Stone Wall x3 |
| 18:37 | 105er.G0ldenFir3 · wall_segment Stone Wall x9 |
| 19:03 | 105er.G0ldenFir3 · wall_segment Stone Wall x1 |
| 19:03 | 105er.G0ldenFir3 · wall_segment Stone Wall x1 |
| 19:05 | Mr Diniz · first_market_buy 100 wood |
| 19:17 | 封念云 · first_building Monastery |
| 19:21 | Moshaaa · first_building Barracks |
| 19:34 | Moshaaa · first_building Monastery |
| 19:44 | M4lt3 · wall_segment Stone Wall x4 |
| 19:46 | M4lt3 · wall_segment Stone Wall x3 |
| 20:06 | 姆狗 · wall_segment Palisade Wall x1 |
| 21:00 | 105er.G0ldenFir3 · wall_segment Stone Wall x1 |
| 21:30 | Dark Horse · age_up castle |
| 21:32 | Dark Horse · first_building Monastery |
| 21:49 | 105er.Buttermilch · age_up imperial |
| 21:51 | Dark Horse · first_market_buy 100 stone |
| 22:25 | 姆狗 · first_building Barracks |
| 22:30 | 105er.G0ldenFir3 · first_market_buy 100 stone |
| 22:34 | 105er.G0ldenFir3 · age_up castle |
| 22:40 | Mr Diniz · first_building Monastery |
| 22:42 | 105er.G0ldenFir3 · first_market_sell 100 wood |
| 23:02 | M4lt3 · first_building Monastery |
| 23:28 | Dark Horse · wall_segment Stone Wall x7 |
| 23:47 | Dark Horse · first_building Siege Workshop |
| 23:58 | 封念云 · first_building Siege Workshop |
| 24:33 | M4lt3 · first_building Barracks |
| 25:15 | Dark Horse · first_building Barracks |
| 25:18 | M4lt3 · first_building Stable |
| 25:55 | Mr Diniz · tribute_sent a jugador 2 |
| 25:55 | Mr Diniz · tribute_sent a jugador 3 |
| 25:55 | Mr Diniz · tribute_sent a jugador 4 |
| 25:55 | Mr Diniz · tribute_sent a jugador 5 |
| 25:55 | Mr Diniz · tribute_sent a jugador 6 |
| 25:55 | Mr Diniz · tribute_sent a jugador 7 |
| 25:55 | Mr Diniz · tribute_sent a jugador 8 |
| 25:56 | M4lt3 · first_market_sell 100 food |
| 25:58 | Dark Horse · first_building Archery Range |
| 26:00 | M4lt3 · first_building Castle |
| 26:03 | 姆狗 · wall_segment Stone Wall x5 |
| 26:12 | 姆狗 · first_market_buy 100 stone |
| 26:26 | Mr Diniz · first_building Barracks |
| 26:46 | Dark Horse · age_up imperial |
| 26:46 | 姆狗 · wall_segment Stone Wall x1 |
| 26:47 | 姆狗 · wall_segment Stone Wall x1 |
| 26:57 | Dark Horse · first_building Castle |
| 27:25 | Moshaaa · first_building Archery Range |
| 27:31 | M4lt3 · age_up imperial |
| 27:33 | 姆狗 · wall_segment Palisade Wall x1 |
| 27:34 | Dark Horse · first_market_sell 100 wood |
| 28:00 | 姆狗 · wall_segment Palisade Wall x1 |
| 28:04 | 姆狗 · wall_segment Palisade Wall x1 |
| 28:34 | Mr Diniz · first_building Siege Workshop |
| 28:34 | 封念云 · first_building Barracks |
| 28:52 | Mr Diniz · age_up imperial |
| 29:10 | M4lt3 · first_building Siege Workshop |
| 29:10 | Mr Diniz · first_building Castle |
| 29:30 | 封念云 · first_building Stable |
| 29:32 | Mr Diniz · first_market_sell 100 food |
| 30:11 | 封念云 · first_building Dock |
| 30:44 | 105er.G0ldenFir3 · first_building Siege Workshop |
| 30:53 | 封念云 · age_up imperial |
| 32:16 | 105er.G0ldenFir3 · first_building Castle |
| 34:01 | 105er.Buttermilch · first_building Castle |
| 34:19 | 105er.G0ldenFir3 · age_up imperial |
| 35:57 | Moshaaa · age_up imperial |
| 36:09 | 105er.G0ldenFir3 · first_building Monastery |
| 37:25 | 105er.Buttermilch · tribute_sent a jugador 1 |
| 37:25 | 105er.Buttermilch · tribute_sent a jugador 2 |
| 37:25 | 105er.Buttermilch · tribute_sent a jugador 3 |
| 37:25 | 105er.Buttermilch · tribute_sent a jugador 4 |
| 37:25 | 105er.Buttermilch · tribute_sent a jugador 5 |
| 37:25 | 105er.Buttermilch · tribute_sent a jugador 6 |
| 37:25 | 105er.Buttermilch · tribute_sent a jugador 7 |
| 37:31 | M4lt3 · tribute_sent a jugador 1 |
| 37:31 | M4lt3 · tribute_sent a jugador 2 |
| 37:31 | M4lt3 · tribute_sent a jugador 3 |
| 37:31 | M4lt3 · tribute_sent a jugador 5 |
| 37:31 | M4lt3 · tribute_sent a jugador 6 |
| 37:31 | M4lt3 · tribute_sent a jugador 7 |
| 37:31 | M4lt3 · tribute_sent a jugador 8 |
| 37:32 | 105er.G0ldenFir3 · first_building Stable |
| 37:43 | Moshaaa · first_building Castle |
| 38:04 | Dark Horse · tribute_sent a jugador 1 |
| 38:04 | Dark Horse · tribute_sent a jugador 2 |
| 38:04 | Dark Horse · tribute_sent a jugador 4 |
| 38:04 | Dark Horse · tribute_sent a jugador 5 |
| 38:04 | Dark Horse · tribute_sent a jugador 6 |
| 38:04 | Dark Horse · tribute_sent a jugador 7 |
| 38:04 | Dark Horse · tribute_sent a jugador 8 |
| 38:29 | 105er.Buttermilch · tribute_sent a jugador 1 |
| 38:29 | 105er.Buttermilch · tribute_sent a jugador 2 |
| 38:29 | 105er.Buttermilch · tribute_sent a jugador 3 |
| 38:29 | 105er.Buttermilch · tribute_sent a jugador 4 |
| 38:29 | 105er.Buttermilch · tribute_sent a jugador 5 |
| 38:29 | 105er.Buttermilch · tribute_sent a jugador 6 |
| 38:29 | 105er.Buttermilch · tribute_sent a jugador 7 |
| 38:42 | 105er.Buttermilch · first_building Barracks |
| 39:14 | 105er.Buttermilch · first_building Archery Range |
| 41:13 | Dark Horse · resign |
| 42:27 | Moshaaa · first_building Siege Workshop |
| 43:23 | 105er.Buttermilch · wall_segment Stone Wall x5 |
| 43:24 | 105er.Buttermilch · wall_segment Stone Wall x8 |
| 43:36 | 105er.Buttermilch · first_market_sell 500 food |
| 45:17 | 105er.G0ldenFir3 · wall_segment Stone Wall x1 |
| 46:03 | Moshaaa · wall_segment Stone Wall x20 |
| 48:26 | 105er.Buttermilch · first_building Stable |
[ AI ANALYSIS · 1 CREDIT ]
What really happened in this match?
Wolo.gg analyzes every decision: build order, eco, micro, common mistakes by bracket. Personalized analysis on WhatsApp or Discord in 30 seconds.
Civ guide
Hindustanis
Perfil
Jugador #23957787